 Dungeon Crawl Stone Soup version 0.28-b1-25-g9875b3fc8c (webtiles) character file.

Game seed: 11610030860428787588

538688 murtidash the Severer (level 25, -4/216 HPs)
             Began as a Ghoul Brigand on Feb 2, 2022.
             Was an Elder of Okawaru.
             Slain by a death cob (18 damage)
             ... on level 1 of the Realm of Zot.
             The game lasted 03:22:01 (72149 turns).

murtidash the Severer (Ghoul Brigand)              Turns: 72149, Time: 03:22:01

Health: -4/216     AC: 33    Str: 28    XL:     25   Next: 90%
Magic:  27/31      EV: 11    Int: 11    God:    Okawaru [****..]
Gold:   790        SH: 24    Dex: 17    Spells: 24/24 levels left

rFire   + . .      SeeInvis +   a - +1 war axe (vamp)
rCold   + + .      Faith    .   n - +5 kite shield of Sophism {rElec rCorr Int+2}
rNeg    + + +      Spirit   .   W - +4 gold dragon scales
rPois   ∞          Reflect  +   u - +2 helmet {SInv}
rElec   +          Harm     .   e - +0 cloak of Ekaschul {Rampage Dex+7}
rCorr   +          Rampage  +   y - +0 pair of gloves "Pannaun" {Will+ Str+4 Int-2 Slay+3}
Will    +++..                   B - +0 pair of boots "Huomn" {Int+5 Slay+3}
Stlth   ..........              O - amulet "Quphiuxt" {Reflect Fragile rElec rN+++ Str-3 SH+5}
HPRegen 0.00/turn               K - ring of Xom's Bemusement {rN++ Will+ rCorr SInv}
MPRegen 0.22/turn               t - +4 ring of slaying

@: finesse-ful, inhibited regen, hasted and slowed, studying Throwing
A: claws 1, cold resistance 1, negative energy resistance 3, inhibited
regeneration, torment resistance 2
}: 3/15 runes: decaying, abyssal, gossamer
a: Renounce Religion, Heroism, Finesse


You were on level 1 of the Realm of Zot.
You worshipped Okawaru.
Okawaru was greatly pleased with you.
You visited 10 branches of the dungeon, and saw 44 of its levels.
You visited the Abyss 4 times.
You also visited: Sewer, Bailey and Gauntlet.

You collected 5880 gold pieces.
You spent 5090 gold pieces at shops.

Inventory:

Hand Weapons
 a - a +1 vampiric war axe (weapon)
   (You took it off an orc warrior on level 9 of the Dungeon)
 b - the +9 quarterstaff "Gankeojo" {vamp, Int+4}
   (You found it on level 2 of the Dungeon)

   It occasionally heals its wielder for a portion of the damage dealt when it
   wounds a living foe.
   Int:       It affects your intelligence (+4).
 c - a +6 broad axe of electrocution
   (You took it off a hell knight on level 2 of the Depths)
Armour
 e - the +0 cloak of Ekaschul (worn) {Rampage Dex+7}
   (Okawaru gifted it to you on level 5 of the Lair of Beasts)

   Dex:       It affects your dexterity (+7).
   Rampage:   It bestows one free step when moving towards enemies.
 n - the +5 kite shield of Sophism (worn) {rElec rCorr Int+2}
   (Okawaru gifted it to you on level 2 of the Vaults)

   Int:       It affects your intelligence (+2).
   rElec:     It insulates you from electricity.
   rCorr:     It protects you from acid and corrosion.
 o - a scarf of shadows
   (You found it on level 2 of the Realm of Zot)
 u - a +2 helmet of see invisible (worn)
   (You found it in a Gauntlet)
 y - the +0 pair of gloves "Pannaun" (worn) {Will+ Str+4 Int-2 Slay+3}
   (Okawaru gifted it to you on level 4 of the Swamp)

   Str:       It affects your strength (+4).
   Int:       It affects your intelligence (-2).
   Slay:      It affects your accuracy & damage with ranged weapons and melee
   (+3).
   Will:      It increases your willpower.
 A - the +1 hat "Nodeta Gukh" {Slay+3}
   (You found it on level 4 of the Spider Nest)

   Slay:      It affects your accuracy & damage with ranged weapons and melee
   (+3).
 B - the +0 pair of boots "Huomn" (worn) {Int+5 Slay+3}
   (Okawaru gifted it to you on level 4 of the Vaults)

   Int:       It affects your intelligence (+5).
   Slay:      It affects your accuracy & damage with ranged weapons and melee
   (+3).
 I - a +0 pair of boots of flying
   (Okawaru gifted it to you on level 4 of the Spider Nest)
 J - the +3 leather armour "Kaqagremm" {*Corrode rElec SInv}
   (You found it on level 3 of the Vaults)

   rElec:     It insulates you from electricity.
   SInv:      It lets you see invisible.
   *Corrode:  It may corrode you when you take damage.
 U - the -4 cloak "Aloisom" {-Tele rF+++ Dex+5}
   (Okawaru gifted it to you on level 1 of the Elven Halls)

   Dex:       It affects your dexterity (+5).
   rF:        It renders you almost immune to fire.
   -Tele:     It prevents most forms of teleportation.
 W - +4 gold dragon scales (worn)
   (You bought it in a shop on level 1 of the Depths)
Jewellery
 k - the ring of Giliarunn {rF+ rC+ rCorr}
   (You found it in a Gauntlet)

   [ring of resist corrosion]

   rF:        It protects you from fire.
   rC:        It protects you from cold.
   rCorr:     It protects you from acid and corrosion.
 t - a +4 ring of slaying (right hand)
   (You found it on level 8 of the Dungeon)
 F - the ring of Emenopre {rN+ rCorr Str+6 Stlth-}
   (You found it in a Gauntlet)

   [ring of strength]

   Str:       It affects your strength (+6).
   rN:        It protects you from negative energy.
   rCorr:     It protects you from acid and corrosion.
   Stlth:     It makes you less stealthy.
 K - the ring of Xom's Bemusement (left hand) {rN++ Will+ rCorr SInv}
   (You found it on level 3 of the Depths)

   [ring of see invisible]

   rN:        It greatly protects you from negative energy.
   SInv:      It lets you see invisible.
   rCorr:     It protects you from acid and corrosion.
   Will:      It increases your willpower.
 O - the amulet "Quphiuxt" (around neck) {Reflect Fragile rElec rN+++ Str-3 SH+5}
   (You bought it in a shop on level 2 of the Depths)

   [amulet of reflection]

   It reflects blocked missile attacks.
   Str:       It affects your strength (-3).
   rElec:     It insulates you from electricity.
   rN:        It renders you almost immune to negative energy.
   Fragile:   It will be destroyed if unequipped.
   SH:        It affects your SH (+5).
 R - a ring of resist corrosion
   (You found it on level 4 of the Depths)
 S - the ring "Acaygh" {Fly rC+ Str-2 Dex+8}
   (You found it on level 3 of the Depths)

   [ring of flight]

   Str:       It affects your strength (-2).
   Dex:       It affects your dexterity (+8).
   rC:        It protects you from cold.
   Fly:       It grants you flight.
 Z - a +4 ring of evasion
   (You found it on level 4 of the Lair of Beasts)
Wands
 d - a wand of acid (1)
   (You found it on level 4 of the Spider Nest)
 f - a wand of flame (14)
   (You took it off Maurice on level 2 of the Orcish Mines)
 s - a wand of iceblast (9)
   (You found it on level 6 of the Dungeon)
 D - a wand of digging (26)
   (You found it on level 5 of the Dungeon)
 V - a wand of mindburst (9)
   (You found it in a Gauntlet)
 X - a wand of polymorph (3)
   (You found it on level 3 of the Lair of Beasts)
Scrolls
 g - 16 scrolls of identify {@r1}
 i - 8 scrolls of torment
 p - 4 scrolls of silence
 q - 6 scrolls of teleportation
 z - 3 scrolls of fog
 G - 5 scrolls of fear
 N - 4 scrolls of vulnerability {!r!r}
 P - 7 scrolls of magic mapping {!r}
 Q - 6 scrolls of holy word {!r!r}
Potions
 l - a potion of invisibility
 m - 11 potions of resistance
 v - 7 potions of curing
 w - 3 potions of brilliance
 x - 4 potions of might
 C - 5 potions of ambrosia
 E - 8 potions of haste
 H - 4 potions of attraction {!q}
 L - 2 potions of cancellation
 M - 5 potions of magic
 T - 4 potions of flight
Miscellaneous
 j - a piece from Xom's chessboard (15/15)
   (You found it in a Gauntlet)
 r - a condenser vane
   (You found it on level 10 of the Dungeon)
 Y - a phial of floods
   (You found it on level 3 of the Depths)


   Skills:
 - Level 16.0 Fighting
 - Level 1.7 Short Blades
 * Level 17.6(17.9) Axes
 - Level 4.3(16.3) Maces & Flails
 - Level 2.9(16.1) Polearms
 - Level 17.4(17.7) Staves
 - Level 1.7 Throwing
 - Level 15.7 Armour
 - Level 13.2 Dodging
 - Level 4.3 Stealth
 - Level 14.8 Shields
 - Level 2.7 Unarmed Combat
 - Level 12.0 Invocations
 - Level 10.0 Evocations


You had 24 spell levels left.
You didn't know any spells.
Your spell library contained the following spells:

 Spells                   Type           Power      Damage    Failure   Level
 Apportation              Tloc           0%         N/A       100%        1
 Foxfire                  Conj/Fire      0%         2x1d4     100%        1
 Freeze                   Ice            0%         1d3       100%        1
 Shock                    Conj/Air       0%         1d3       100%        1
 Slow                     Hex            0%         N/A       100%        1
 Sting                    Tmut/Pois      0%         1d3       100%        1
 Blink                    Tloc           0%         N/A       100%        2
 Poisonous Vapours        Pois/Air       0%         N/A       100%        2
 Conjure Flame            Conj/Fire      0%         6-21      100%        3
 Frozen Ramparts          Ice            0%         1d2       100%        3
 Gell's Gravitas          Tloc           0%         N/A       100%        3
 Ignite Poison            Fire/Tmut/Pois 0%         N/A       100%        3
 Inner Flame              Hex/Fire       0%         N/A       100%        3
 Lesser Beckoning         Tloc           0%         N/A       100%        3
 Stone Arrow              Conj/Erth      0%         3d7       100%        3
 Teleport Other           Tloc           0%         N/A       100%        3
 Vampiric Draining        Necr           0%         2d6       100%        3
 Anguish                  Hex/Necr       0%         N/A       100%        4
 Cause Fear               Hex            0%         N/A       100%        4
 Flame Wave               Conj/Fire      0%         2d4       100%        4
 Hailstorm                Conj/Ice       0%         3d3       100%        4
 Leda's Liquefaction      Hex/Erth       0%         N/A       100%        4
 Olgreb's Toxic Radiance  Pois           0%         N/A       100%        4
 Passage of Golubria      Tloc           0%         N/A       100%        4
 Petrify                  Tmut/Erth      0%         N/A       100%        4
 Sticky Flame             Conj/Fire      0%         2d3       100%        4
 Alistair's Intoxication  Tmut/Pois      0%         N/A       100%        5
 Borgnjor's Vile Clutch   Necr/Erth      0%         N/A       100%        5
 Freezing Cloud           Conj/Ice/Air   0%         6-21      100%        5
 Irradiate                Conj/Tmut      0%         3d13      100%        5
 Manifold Assault         Tloc           0%         N/A       100%        5
 Metabolic Englaciation   Hex/Ice        0%         N/A       100%        5
 Silence                  Hex/Air        0%         N/A       100%        5
 Dispersal                Tloc           0%         N/A       100%        6
 Enfeeble                 Hex            0%         N/A       100%        7
 Orb of Destruction       Conj           0%         9d5       100%        7
 Discord                  Hex            0%         N/A       100%        8
 Lehudib's Crystal Spear  Conj/Erth      0%         10d2      100%        8
 Maxwell's Capacitive Co  Air            0%         ∞         100%        8
 Polar Vortex             Ice            0%         N/A       100%        9
 Sublimation of Blood     Necr           Unusable   N/A       N/A         2
 Spider Form              Tmut/Pois      Unusable   N/A       N/A         3
 Summon Guardian Golem    Hex/Summ       Unusable   N/A       N/A         3
 Tukima's Dance           Hex            Unusable   N/A       N/A         3
 Animate Armour           Summ/Erth      Unusable   N/A       N/A         4
 Animate Dead             Necr           Unusable   N/A       N/A         4
 Summon Lightning Spire   Summ/Air       Unusable   N/A       N/A         4
 Death Channel            Necr           Unusable   N/A       N/A         6
 Simulacrum               Ice/Necr       Unusable   N/A       N/A         6
 Spellforged Servitor     Conj/Summ      Unusable   N/A       N/A         7
 Storm Form               Tmut/Air       Unusable   N/A       N/A         7
 Infestation              Necr           Unusable   N/A       N/A         8

Dungeon Overview and Level Annotations

Branches:
Dungeon (15/15)            Temple (1/1) D:4            Lair (6/6) D:11
  Swamp (4/4) Lair:4       Spider (4/4) Lair:3        Slime (0/5) Lair:6
    Orc (2/2) D:9             Elf (2/3) Orc:2        Vaults (4/5) D:13
  Crypt (0/3) Vaults:3     Depths (4/4) D:15            Zot (2/5) Depths:4
  Sewer (visited)          Bailey (visited)         Gauntlet (visited)

Altars:
Ashenzari
Cheibriados
Dithmenos
Elyvilon
Fedhas
Gozag
Kikubaaqudgha
Makhleb
Nemelex Xobeh
Okawaru
Qazlal
Ru
Sif Muna
Trog
Vehumet
Wu Jian
Xom
Yredelemnul
The Shining One
Beogh
Jiyva

Shops:
D:1 [   D:7 [[   D:12 :   Orc:2 [*(*   Elf:1 !   Elf:2 (   Vaults:1 ?
Vaults:2 (   Vaults:3 =   Depths:1 [*   Depths:2 =:=

Portals:
Hell: Depths:1 Depths:2 Depths:3 Depths:4
Abyss: Depths:3
Pandemonium: Depths:2
Ziggurat: Depths:1
Trove: Elf:1 (give 2 scrolls of acquirement)

Annotations:
Elf:2 3 runed translucent doors
Depths:1 3 exclusions


Innate Abilities, Weirdness & Mutations

You thrive by killing the living.
You are immune to poison.
You have sharp fingernails.
Your flesh is cold resistant. (rC+)
You are immune to negative energy. (rN+++)
You do not regenerate when monsters are visible.
You are immune to unholy pain and torment.


Message History

You slash the moth of wrath!
You feel better.
You closely miss the golden dragon.
You block the golden dragon's attack. x2
The golden dragon barely misses you.
You regained 6 hp, and now have 117/216 hp.
As you read the scroll of teleportation, it crumbles to dust.
You feel strangely unstable.
You feel the Orb delaying your translocation!
You block the moth of wrath's attack.
You block the golden dragon's attack. x2
The golden dragon tramples you!
You hold your ground!
The moth of wrath barely misses you.
You take 8 damage, and have 109/216 hp.
You slice the moth of wrath!!
You feel better.
You hit the golden dragon but do no damage.
The golden dragon bites you but does no damage.
The golden dragon claws you but does no damage.
You block the golden dragon's attack. You block the moth of wrath's attack.
You regained 15 hp, and now have 124/216 hp.
You completely miss the moth of wrath. You slash the golden dragon!
The golden dragon bites you!!!
The golden dragon claws you but does no damage.
You block the golden dragon's attack. You block the moth of wrath's attack.
You block the golden dragon's attack.
The golden dragon claws you but does no damage.
The golden dragon tramples you but does no damage.
You take 41 damage, and have 83/216 hp.
You slice the moth of wrath!!
You kill the moth of wrath!
Okawaru accepts your kill.
You feel better.
You hit the golden dragon but do no damage.
The golden dragon bites you!!
* * * LOW HITPOINT WARNING * * *
You block the golden dragon's attack. The golden dragon closely misses you.
You take 23 damage, and have 60/216 hp.
You block the golden dragon's attack. x3
You block the golden dragon's attack. x3
You block the golden dragon's attack.
The golden dragon claws you but does no damage.
You block the golden dragon's attack.
The golden dragon bites you but does no damage.
The golden dragon closely misses you. The golden dragon tramples you!
* * * LOW HITPOINT WARNING * * *
You hold your ground!
You take 7 damage, and have 53/216 hp.
The golden dragon bites you but does no damage.
The golden dragon claws you!
* * * LOW HITPOINT WARNING * * *
The golden dragon closely misses you.
You take 14 damage, and have 39/216 hp.
A tentacled monstrosity comes into view.
You block the golden dragon's attack. The golden dragon claws you!
* * * LOW HITPOINT WARNING * * *
The golden dragon barely misses you.
You take 7 damage, and have 32/216 hp.
Your surroundings suddenly seem different. 2 death cobs come into view.
Found a stone staircase leading up.
The death cob gives a chilling moan. x2
Really read
h - 2 scrolls of blinking {!r}?
Blink to where?
As you read the scroll of blinking {!r}, it crumbles to dust.
The death cob barely misses you. You block the death cob's attack. x3
You climb upwards.
There is a stone staircase leading down, spattered with blood here.
You see here a +0 glaive.
You can now deal lightning-fast blows.
You block the death cob's attack.
The death cob hits you but does no damage.
You now have 26/31 mp.
You hit the death cob but do no damage. The death cob hits you!
* * * LOW HITPOINT WARNING * * *
You take 12 damage, and have 20/216 hp.
You slash the death cob! You block the death cob's attack.
You slice the death cob!! You block the death cob's attack.
You slash the death cob! You block the death cob's attack.
You closely miss the death cob. The death cob hits you!
* * * LOW HITPOINT WARNING * * *
The death cob drains your vigour!
You feel yourself slow down.
You take 14 damage, and have 6/216 hp.
Okay, then.
Unknown command.
You can't see any enemies this would affect, really read the scroll of fear?
Okay, then.
Unknown command.
Here: a death cob (heavily damaged)
The floor.
Unknown command.
Really read
h - a scroll of blinking {!r}?
Blink to where?
As you read the scroll of blinking {!r}, it crumbles to dust.
You feel yourself speed up.
Okay, then.
Unknown command.
Unknown command.
Here: a death cob (heavily damaged)
The floor.
Unknown command.
You feel better. The death cob hits you!!
You die...

#######..8..#######.....#
##..(.........##.8.##....#
.+............#.....#....########
.#...8..8.>.8.'..8.8#............
........).....#†....#............
.#............##.8.##............
.#######..8..#######.##..........
.#####....).##.....+....#........
.##........####.@z.#....###'#####
..'...8...##.......#....##..#
###......######.............#
∩.')....##.........###.>#####
#.#...###.......##.# ##[#
..#####.......####.####.#
#.#####.#####.#.......#.#
#...)....⌠....#.##.##.#.#
#######.#........#.##.#.#


You could see a death cob.

Vanquished Creatures
  A dread lich (Abyss:3)
  2 ancient liches (Abyss:3)
  Mara (Vaults:2)
  A royal mummy (Depths:2)
  6 caustic shrikes (Depths:4)
  A profane servitor (Abyss:2)
  A golden dragon (Depths:4)
  Arachne (Spider:4)
  5 bone dragons
  Jorgrun (Lair:4)
  5 tentacled monstrosities
  10 liches
  A Hell Sentinel (Abyss:4)
  2 walking earthen tomes (Depths:4)
  3 quicksilver dragons
  A walking frostbound tome (Depths:4)
  Asterion (Arena)
  5 sphinxes
  A sphinx (shapeshifter) (Depths:3)
  2 thorn hunters
  6 tentacled starspawn
  A death cob (Zot:1)
  2 storm dragons
  6 shadow dragons
  A tengu reaver (Depths:4)
  2 fenstrider witches
  7 frost giants
  2 deep elf sorcerers (Elf:1)
  6 fire giants
  14 vault wardens
  7 emperor scorpions
  A draconian knight (Depths:4)
  2 draconian scorchers
  An iron dragon (Depths:2)
  5 ghost moths
  A juggernaut zombie (Depths:2)
  A draconian stormcaller (Abyss:4)
  A draconian shifter (Abyss:2)
  2 balrugs (Abyss:1)
  2 ghouls (Swamp:2)
  A deep elf elementalist (Abyss:2)
  5 war gargoyles
  3 draconian annihilators
  Louise (Swamp:1)
  A hydra skeleton (Swamp:4)
  5 ironbound thunderhulks
  26 very ugly things
  A stone giant (shapeshifter) (Depths:3)
  16 ironbound preservers
  A deep elf demonologist (Vaults:3)
  4 vampire knights
  3 green draconians
  6 stone giants
  5 eleionomae
  8 dire elephants
  An eleionoma (shapeshifter) (Depths:3)
  7 bunyips
  An entropy weaver (shapeshifter) (Depths:3)
  2 black draconians
  2 purple draconians (Zot:1)
  3 entropy weavers
  A minotaur (Gauntlet)
  Azrael (Elf:1)
  3 deep elf annihilators
  4 red draconians
  7 yellow draconians
  2 white draconians
  2 deep elf death magi
  Snorg (Arena)
  2 blizzard demons
  3 fire dragons
  3 ettins
  A crystal guardian (Vaults:2)
  A merfolk impaler (Depths:4)
  A quicksilver dragon zombie (Abyss:1)
  6 great orbs of eyes
  Josephine (Swamp:1)
  3 jiangshi (Depths:4)
  A shambling mangrove (Swamp:4)
  10 yaktaur captains
  17 hydras
  Fannar (D:10)
  A deep elf high priest (Elf:1)
  8 ice dragons
  18 vault guards
  A peacekeeper (Vaults:2)
  4 rakshasas
  A hell beast (Gauntlet)
  A naga warrior (Abyss:3)
  2 spriggan air magi (Depths:1)
  6 ogre magi
  A quicksilver dragon skeleton (Abyss:1)
  15 ironbound frosthearts
  5 ghost crabs
  4 boulder beetles
  3 radroaches (Spider:3)
  2 death knights (Vaults:3)
  4 catoblepae
  23 two-headed ogres
  12 centaur warriors
  34 dancing weapons
  10 alligators
  2 tengu warriors
  4 deep troll shamans
  3 hell hogs (Abyss:1)
  A death scarab (Spider:2)
  3 deep troll earth magi
  7 death yaks
  A titan zombie (Depths:2)
  2 spriggan berserkers
  A vampire mage (Depths:4)
  11 thrashing horrors
  A shock serpent (Depths:3)
  12 hell knights
  A soul eater (Depths:2)
  2 sun demons (Abyss:1)
  A shock serpent (shapeshifter) (Elf:1)
  9 deep elf knights
  A titan skeleton (Vaults:3)
  2 sixfirhies
  An iron troll (Depths:1)
  A steelbarb worm (Spider:4)
  10 wretched stars
  2 golden dragon zombies (Depths:2)
  A pharaoh ant (Spider:1)
  3 shadow wraiths
  6 glowing orange brains
  4 goliath frogs
  A spark wasp zombie (Depths:2)
  2 spatial maelstroms
  4 swamp dragons
  4 flayed ghosts
  5 spriggan druids
  57 deep trolls
  4 bog bodies
  16 ironbound convokers
  4 obsidian statues (Depths:3)
  7 deep elf archers
  7 wizards
  19 starcursed masses
  2 spectral hydras (Swamp:4)
  A glowing orange brain (shapeshifter) (Depths:3)
  A tengu zombie (Depths:2)
  A spriggan simulacrum (Abyss:3)
  31 large abominations
  2 phantasmal warriors
  A mana viper (Abyss:2)
  A lindwurm (shapeshifter) (Depths:3)
  6 lindwurms
  9 orb spiders
  8 necromancers
  5 orc knights
  2 shadow dragon zombies
  An iron dragon zombie (Depths:2)
  2 orc sorcerers (Orc:1)
  18 wolf spiders
  20 deep elf zephyrmancers
  A frost giant zombie (Vaults:2)
  21 deep elf pyromancers
  3 oklob plants (Swamp:4)
  A tengu skeleton (Vaults:2)
  35 ugly things
  2 worldbinders
  A stone giant skeleton (Vaults:2)
  13 elephants
  2 manticores
  11 moths of wrath
  3 will-o-the-wisps
  3 apocalypse crabs
  An elephant (shapeshifter) (Elf:2)
  5 cyclopes
  A guardian serpent (shapeshifter) (Depths:3)
  20 vault sentinels
  7 black mambas
  6 torpor snails
  12 smoke demons
  A fire giant skeleton (Vaults:2)
  Maurice (Orc:2)
  4 ice statues
  A rust devil (Abyss:2)
  An elf zombie (Vaults:3)
  2 frost giant skeletons (Depths:1)
  A hellion (Abyss:2)
  8 cane toads
  A naga zombie (Abyss:2)
  2 unseen horrors
  2 orange demons (Depths:2)
  Maggie (D:10)
  A storm dragon simulacrum (Vaults:3)
  3 kobold demonologists
  48 yaktaurs
  5 rime drakes
  7 demonic crawlers
  2 minotaur zombies (Gauntlet)
  2 efreet
  A bunyip simulacrum (Abyss:2)
  2 tengu conjurers
  A rime drake (shapeshifter) (Depths:3)
  An entropy weaver simulacrum (Swamp:1)
  2 komodo dragons (shapeshifter) (Depths:3)
  4 hellwings
  2 freezing wraiths
  13 komodo dragons
  5 ancient zymes
  4 hydra zombies (Swamp:4)
  3 guardian mummies (Depths:2)
  2 death drake zombies (Swamp:4)
  3 trolls
  A harpy zombie (Abyss:1)
  6 meliai
  2 polar bears
  2 polar bears (shapeshifter)
  2 death drake skeletons (Swamp:4)
  3 wind drakes (Depths:3)
  20 tarantellas
  12 tyrant leeches
  10 blink frogs
  A hornet (shapeshifter) (D:15)
  4 hornets
  21 raiju
  12 dream sheep
  24 slime creatures
  A frost giant simulacrum (Depths:1)
  3 flying skulls (Abyss:3)
  A spriggan zombie (Depths:2)
  A centaur simulacrum (D:15)
  12 air elementals
  A spriggan (Swamp:2)
  18 culicivoras
  A vampire (D:7)
  20 jumping spiders
  A dire elephant simulacrum (Swamp:1)
  A spriggan skeleton (Depths:1)
  9 wraiths
  33 yaks
  6 wyverns
  11 water elementals
  5 ynoxinuls
  Eustachio (D:4)
  9 fire elementals
  7 basilisks
  2 golden eyes (Abyss:1)
  A golden eye (shapeshifter) (Depths:4)
  12 fire bats
  9 chaos spawn
  52 redbacks
  5 neqoxecs
  16 vampire mosquitoes
  2 wargs
  A harpy simulacrum (Swamp:1)
  A spatial vortex (Abyss:2)
  A minotaur simulacrum (Swamp:1)
  18 swamp worms
  2 nagas (Abyss:3)
  4 hydra simulacra (Swamp:4)
  2 floating eyes (shapeshifter)
  2 acid dragons (D:12)
  14 water moccasins
  Duvessa (D:4)
  7 swamp drakes
  29 orc warriors
  10 hell hounds
  2 sky beasts
  3 black bears
  A necrophage (D:5)
  15 ice beasts
  Pargi (D:3)
  5 centaurs
  6 boggarts
  35 wolves
  33 ogres
  A swamp dragon skeleton (Swamp:4)
  3 phantoms (D:5)
  2 kobold brigands (D:8)
  8 bullfrogs
  2 deep troll simulacra (Swamp:1)
  A human skeleton (Vaults:2)
  2 scorpions
  18 earth elementals
  Dowan (D:4)
  2 lindwurm simulacra (Swamp:1)
  A water moccasin skeleton (D:5)
  9 killer bees
  9 wights
  9 electric eels
  2 howler monkeys
  3 quasits (Abyss:2)
  7 centaur zombies
  22 orc priests
  5 hounds
  2 gnoll shamans
  5 iron imps
  2 jellies
  A centaur skeleton (D:5)
  Ijyb (D:3)
  30 orc wizards
  5 hell rats (Lair:5)
  A killer bee zombie (D:8)
  21 small abominations
  4 mummies (Depths:2)
  A howler monkey zombie (D:8)
  10 gnolls
  4 adders
  3 river rats (D:5)
  3 white imps
  10 ufetubi
  2 worms
  4 dart slugs
  88 orcs
  9 ball pythons
  12 bats
  12 endoplasms
  4 giant cockroaches
  22 goblins
  14 hobgoblins
  2 jackals (D:1)
  A frilled lizard (D:1)
  A goblin (shapeshifter) (Depths:3)
  15 kobolds
  6 rats
  A rat (shapeshifter) (Depths:4)
  3 ball lightnings (Depths:3)
  A lurking horror (Abyss:1)
  5 starspawn tentacles
2031 creatures vanquished.

Vanquished Creatures (others)
  A blizzard demon (Depths:2)
  2 deep elf knights (Elf:1)
  A tengu conjurer (D:15)
  A large abomination (Abyss:2)
  A jumping spider (Spider:3)
  A fire bat (Abyss:3)
  A chaos spawn (Abyss:3)
  2 golden eyes (Abyss:1)
  A swamp worm (Swamp:1)
  A small abomination (Abyss:2)
  An orc wizard (Orc:2)
  10 ball lightnings (Depths:3)
  A bush (Abyss:1)
  3 demonic plants
  16 foxfires
  23 fungi
  3 lurking horrors
  68 plants
  13 starspawn tentacles
150 creatures vanquished.

Grand Total: 2181 creatures vanquished

Notes
Turn   | Place    | Note
-------+----------+-------------------------------------------
     0 | D:1      | murtidash the Ghoul Brigand began the quest for the Orb.
     0 | D:1      | Reached XP level 1. HP: 17/17 MP: 0/0
    76 | D:1      | Reached skill level 1 in Dodging
    92 | D:1      | Reached skill level 1 in Unarmed Combat
   170 | D:1      | Reached XP level 2. HP: 25/25 MP: 1/1
   314 | D:1      | Found Cuzitiq's Armour Boutique.
   539 | D:1      | Reached XP level 3. HP: 22/30 MP: 2/2
   614 | D:1      | Found a faded altar of an unknown god.
   687 | D:1      | Reached skill level 2 in Unarmed Combat
  1176 | D:2      | Reached XP level 4. HP: 36/37 MP: 3/3
  1256 | D:2      | Identified the +9 quarterstaff "Gankeojo" {vamp, Int+4}
  1418 | D:2      | Reached skill level 3 in Fighting
  1891 | D:3      | Noticed Ijyb
  1896 | D:3      | Killed Ijyb
  1948 | D:3      | Noticed Pargi
  1954 | D:3      | Killed Pargi
  1955 | D:3      | Reached skill level 1 in Staves
  1955 | D:3      | Reached skill level 1 in Armour
  1955 | D:3      | Reached skill level 2 in Dodging
  1955 | D:3      | Reached XP level 5. HP: 45/45 MP: 4/4
  2114 | D:3      | Got the Guide on Heat and Stones
  2179 | D:3      | Identified the +0 dagger "Ravewa" {drain, Dex+4}
  2198 | D:3      | Reached skill level 2 in Staves
  2198 | D:3      | Reached XP level 6. HP: 52/52 MP: 5/5
  2423 | D:3      | Found a shimmering blue altar of Sif Muna.
  2528 | D:4      | Noticed Dowan
  2529 | D:4      | Noticed Duvessa
  2540 | D:4      | Killed Duvessa
  2541 | D:4      | Reached skill level 2 in Armour
  2542 | D:4      | Killed Dowan
  2543 | D:4      | Reached skill level 4 in Fighting
  2563 | D:4      | Noticed an orc warrior
  2580 | D:4      | HP: 3/52 [orc warrior (8)]
  2582 | D:4      | Killed an orc warrior
  2583 | D:4      | Reached skill level 3 in Staves
  2583 | D:4      | Reached skill level 3 in Dodging
  2583 | D:4      | Reached XP level 7. HP: 42/59 MP: 6/6
  2656 | D:7      | Found Hoavucwe's Armour Boutique.
  2656 | D:7      | Found Faawe's Armour Shoppe.
  3010 | D:7      | Found a sacrificial altar of Ru.
  3272 | D:6      | Reached skill level 4 in Staves
  3378 | D:5      | Entered Level 5 of the Dungeon
  3422 | D:5      | Found a glowing drain.
  3431 | Sewer    | Entered a sewer
  3472 | Sewer    | Reached skill level 3 in Armour
  3472 | Sewer    | Reached XP level 8. HP: 67/67 MP: 7/7
  3685 | D:5      | Reached skill level 5 in Fighting
  3985 | D:4      | Noticed Eustachio
  3994 | D:4      | Killed Eustachio
  3995 | D:4      | Reached skill level 5 in Staves
  3995 | D:4      | Reached skill level 4 in Dodging
  3995 | D:4      | Reached skill level 1 in Shields
  4305 | D:4      | Found a staircase to the Ecumenical Temple.
  4311 | Temple   | Entered the Ecumenical Temple
  4366 | Temple   | Became a worshipper of Warmaster Okawaru
  4672 | D:5      | Reached * piety under Okawaru
  4673 | D:5      | Reached skill level 4 in Armour
  4673 | D:5      | Reached skill level 2 in Shields
  4820 | D:5      | Reached XP level 9. HP: 72/74 MP: 8/8
  4826 | D:5      | Reached skill level 6 in Staves
  5026 | D:6      | Reached ** piety under Okawaru
  5599 | D:7      | Reached skill level 5 in Dodging
  5617 | D:7      | Reached skill level 3 in Shields
  6300 | D:7      | Reached skill level 7 in Staves
  6530 | D:7      | Found a stormy altar of Qazlal.
  6938 | D:8      | Reached skill level 5 in Armour
  6978 | D:8      | Found a flagged portal.
  6988 | Bailey   | Entered a bailey
  7050 | Bailey   | Reached *** piety under Okawaru
  7051 | Bailey   | Reached XP level 10. HP: 56/81 MP: 9/9
  7078 | Bailey   | Noticed a kobold demonologist
  7085 | Bailey   | Reached skill level 4 in Shields
  7085 | Bailey   | Noticed a rust devil
  7085 | Bailey   | Killed a kobold demonologist
  7543 | Bailey   | Noticed an orc knight
  7568 | Bailey   | Reached skill level 8 in Staves
  7571 | Bailey   | Killed an orc knight
  7571 | Bailey   | Reached **** piety under Okawaru
  7572 | Bailey   | Reached skill level 6 in Dodging
  7723 | Bailey   | Acquired 821 gold pieces
  7772 | Bailey   | Identified the +11 quarterstaff "Naosmuwu" {flame, Str+2}
  7792 | Bailey   | Found an iron altar of Okawaru.
  7797 | Bailey   | Noticed a kobold demonologist
  7808 | Bailey   | Killed a kobold demonologist
  7809 | Bailey   | Reached skill level 6 in Armour
  7977 | Bailey   | Reached skill level 6 in Fighting
  7977 | Bailey   | Reached skill level 10 in Staves
  7977 | Bailey   | Reached skill level 7 in Armour
  7977 | Bailey   | Reached skill level 6 in Shields
  7977 | Bailey   | Reached XP level 11. HP: 91/91 MP: 10/10
  8192 | D:8      | Found a sparkling altar of Nemelex Xobeh.
  8293 | D:7      | Bought a +3 plate armour of fire resistance for 450 gold
                  | pieces
  8293 | D:7      | Bought a +0 ring mail for 40 gold pieces
  8346 | D:7      | Bought the +1 pair of boots of Baphunk {Str+2} for 331 gold
                  | pieces
  8737 | D:9      | Reached ***** piety under Okawaru
  8760 | D:9      | Noticed a two-headed ogre
  8779 | D:9      | Killed a two-headed ogre
  8779 | D:9      | Received a gift from Okawaru
  9003 | D:9      | Found a staircase to the Orcish Mines.
  9046 | D:9      | Noticed a two-headed ogre
  9056 | D:9      | Killed a two-headed ogre
  9057 | D:9      | Reached skill level 1 in Invocations
  9287 | D:10     | Entered Level 10 of the Dungeon
  9449 | D:10     | Noticed Maggie
  9460 | D:10     | Killed Maggie
  9461 | D:10     | Reached skill level 11 in Staves
  9461 | D:10     | Reached XP level 12. HP: 75/97 MP: 12/12
  9620 | D:10     | Reached skill level 2 in Invocations
  9754 | D:10     | Noticed a two-headed ogre
  9759 | D:10     | Killed a two-headed ogre
  9760 | D:10     | Reached skill level 7 in Shields
  9773 | D:10     | Noticed Fannar
  9829 | D:10     | Killed Fannar
  9830 | D:10     | Reached skill level 8 in Armour
 10140 | D:10     | Reached skill level 3 in Invocations
 10981 | D:11     | Noticed a two-headed ogre
 10990 | D:11     | Killed a two-headed ogre
 11126 | D:11     | Received a gift from Okawaru
 11172 | D:11     | Noticed a seven-headed hydra
 11179 | D:11     | Killed a seven-headed hydra
 11179 | D:11     | Reached ****** piety under Okawaru
 11180 | D:11     | Reached skill level 4 in Invocations
 11506 | D:11     | Found a staircase to the Lair.
 11574 | Lair:1   | Entered Level 1 of the Lair of Beasts
 11574 | Lair:1   | Found a bloodstained altar of Trog.
 11592 | Lair:1   | Reached skill level 12 in Staves
 12036 | Lair:1   | Reached skill level 8 in Shields
 12040 | Lair:1   | Reached skill level 5 in Invocations
 12166 | Lair:1   | Reached XP level 13. HP: 104/104 MP: 15/15
 12515 | Lair:2   | Reached skill level 9 in Armour
 13349 | Lair:3   | Identified the +7 short sword "Culeuro" {vorpal, *Corrode
                  | rPois Will++ Str+4} (Okawaru gifted it to you on level 3 of
                  | the Lair of Beasts)
 13349 | Lair:3   | Received a gift from Okawaru
 13380 | Lair:3   | HP: 12/104 [boulder beetle (32)]
 13908 | Lair:3   | Reached skill level 6 in Invocations
 14017 | Lair:3   | Reached skill level 13 in Staves
 14128 | Lair:3   | Found a hole to the Spider Nest.
 14146 | Lair:3   | Received a gift from Okawaru
 14447 | Lair:3   | Identified the +8 lajatang of Cumpoll {venom, rF+ Will+
                  | Dex+3} (Okawaru gifted it to you on level 3 of the Lair of
                  | Beasts)
 14447 | Lair:3   | Received a gift from Okawaru
 15402 | Lair:4   | Reached skill level 9 in Shields
 15424 | Lair:4   | Received a gift from Okawaru
 15597 | Lair:4   | Found a staircase to the Swamp.
 15671 | Lair:4   | Reached skill level 7 in Invocations
 16312 | Lair:5   | Identified the +0 cloak of Ekaschul {Rampage Dex+7}
                  | (Okawaru gifted it to you on level 5 of the Lair of Beasts)
 16312 | Lair:5   | Received a gift from Okawaru
 16313 | Lair:5   | Reached XP level 14. HP: 97/111 MP: 18/18
 16529 | Lair:5   | Reached skill level 10 in Armour
 16653 | Lair:5   | Reached skill level 14 in Staves
 17110 | Lair:5   | Reached skill level 8 in Invocations
 17292 | Lair:6   | Entered Level 6 of the Lair of Beasts
 17414 | Lair:6   | Found a gate leading to a gauntlet.
 17429 | Gauntlet | Entered a Gauntlet
 17429 | Gauntlet | Found a transporter.
 17429 | Gauntlet | Found a transporter.
 17447 | Gauntlet | Found a transporter.
 17452 | Gauntlet | Found a transporter.
 17464 | Gauntlet | Found a transporter.
 17468 | Gauntlet | Found a runed translucent door.
 17468 | Gauntlet | Found a transporter.
 17468 | Gauntlet | Found a runed translucent door.
 17475 | Gauntlet | Found a transporter.
 17492 | Gauntlet | Found a transporter.
 17507 | Gauntlet | Found a transporter.
 17511 | Gauntlet | Found a transporter.
 17522 | Gauntlet | Found a transporter.
 17523 | Gauntlet | Found a transporter.
 17589 | Gauntlet | Reached skill level 10 in Shields
 17668 | Gauntlet | Identified the ring of Emenopre {rN+ rCorr Str+6 Stlth-}
 17710 | Gauntlet | Identified the ring of Giliarunn {rF+ rC+ rCorr}
 17779 | Gauntlet | Identified the ring "Laaful" {Fire Str+5}
 17805 | Gauntlet | Reached skill level 9 in Invocations
 18049 | Lair:6   | Identified the +1 helmet of Kobaukih {rPois Will+} (Okawaru
                  | gifted it to you on level 6 of the Lair of Beasts)
 18049 | Lair:6   | Received a gift from Okawaru
 18132 | Lair:6   | Found a staircase to the Slime Pits.
 18132 | Lair:6   | Found a viscous altar of Jiyva.
 18532 | Lair:6   | Reached skill level 11 in Armour
 18855 | Lair:6   | Noticed a dire elephant
 18878 | Lair:6   | Killed a dire elephant
 18920 | Lair:6   | Reached skill level 10 in Invocations
 19232 | Orc:1    | Entered Level 1 of the Orcish Mines
 19386 | Orc:1    | Reached XP level 15. HP: 117/117 MP: 21/21
 19751 | Orc:2    | Entered Level 2 of the Orcish Mines
 19818 | Orc:1    | Reached skill level 11 in Shields
 20147 | Orc:1    | Identified the +1 pair of gloves of the Boiling Point
                  | {Rampage Will+ Int-4} (Okawaru gifted it to you on level 1
                  | of the Orcish Mines)
 20147 | Orc:1    | Received a gift from Okawaru
 20285 | Orc:2    | Paralysed by an ogre mage for 5 turns
 20332 | Orc:2    | Reached skill level 11 in Invocations
 20352 | Orc:2    | Reached skill level 12 in Armour
 20594 | Orc:2    | Noticed Maurice
 20607 | Orc:2    | Killed Maurice
 20924 | Orc:2    | Found Venk's General Store.
 20924 | Orc:2    | Found Ciageto's General Store.
 20924 | Orc:2    | Found Elofih's Antique Armour Shop.
 20924 | Orc:2    | Found Citzuelot's Antique Weapon Shoppe.
 20984 | Orc:2    | Bought a potion of curing for 48 gold pieces
 20984 | Orc:2    | Bought a potion of curing for 48 gold pieces
 20985 | Orc:2    | Bought a wand of digging (4) for 256 gold pieces
 20985 | Orc:2    | Bought a potion of might for 64 gold pieces
 20986 | Orc:2    | Bought a pair of glowing boots for 232 gold pieces
 20989 | Orc:2    | Bought a smoking hunting sling for 240 gold pieces
 20989 | Orc:2    | Identified the +2 hunting sling "Zemugif" {flame, rPois
                  | Int+5} (You bought it in a shop on level 2 of the Orcish
                  | Mines)
 20992 | Orc:2    | Bought a runed orb for 372 gold pieces
 21108 | Orc:2    | Found a staircase to the Elven Halls.
 21597 | D:12     | Found Keirruja's Book Shop.
 21756 | D:12     | Identified the +1 chain mail of Satisfaction {Rampage rN+
                  | MP+9 Str+5 Dex-2} (Okawaru gifted it to you on level 12 of
                  | the Dungeon)
 21756 | D:12     | Received a gift from Okawaru
 21932 | D:12     | Reached skill level 7 in Fighting
 22079 | D:12     | Reached skill level 1 in Maces & Flails
 22453 | Arena    | Entered the Arena
 23560 | D:13     | Found a gate to the Vaults.
 23583 | D:13     | Reached skill level 2 in Maces & Flails
 23583 | D:13     | Reached skill level 12 in Shields
 23796 | D:13     | Reached skill level 12 in Invocations
 23846 | D:13     | Reached XP level 16. HP: 127/127 MP: 24/24
 24418 | D:14     | Reached skill level 3 in Maces & Flails
 24528 | D:14     | Reached skill level 8 in Fighting
 24696 | D:14     | Noticed Snorg
 24707 | Arena    | Entered the Arena
 24722 | Arena    | Killed Snorg
 25239 | D:15     | Entered Level 15 of the Dungeon
 25402 | D:15     | Found a staircase to the Depths.
 25415 | D:15     | Reached skill level 4 in Maces & Flails
 25630 | D:15     | Received a gift from Okawaru
 25631 | D:15     | Reached skill level 13 in Armour
 25956 | Lair:1   | Acquired a manual of Throwing
 26011 | Spider:1 | Entered Level 1 of the Spider Nest
 26339 | Spider:1 | Reached skill level 9 in Fighting
 26339 | Spider:1 | Reached skill level 1 in Evocations
 26654 | Spider:1 | Reached skill level 2 in Evocations
 27344 | Spider:1 | Identified the +5 scale mail of the Lich-sworn {rElec rC+
                  | Str+5 Int+3} (Okawaru gifted it to you on level 1 of the
                  | Spider Nest)
 27344 | Spider:1 | Received a gift from Okawaru
 27924 | Spider:1 | Reached skill level 3 in Evocations
 28837 | Spider:3 | Reached skill level 10 in Fighting
 28878 | Spider:3 | Reached XP level 17. HP: 114/140 MP: 25/25
 29175 | Spider:3 | Reached skill level 4 in Evocations
 29837 | Spider:4 | Entered Level 4 of the Spider Nest
 30026 | Spider:3 | HP: 17/141 [radroach (19)]
 30966 | Spider:4 | Identified the +5 fustibalus "Jiekyjok" {speed, rF++}
                  | (Okawaru gifted it to you on level 4 of the Spider Nest)
 30966 | Spider:4 | Received a gift from Okawaru
 31072 | Spider:4 | Reached skill level 5 in Evocations
 31202 | Spider:4 | Reached skill level 14 in Armour
 31554 | Spider:4 | Reached skill level 11 in Fighting
 31699 | Spider:4 | Reached skill level 15 in Staves
 31732 | Spider:4 | Received a gift from Okawaru
 31748 | Spider:4 | Identified the +1 hat "Nodeta Gukh" {Slay+3}
 31909 | Spider:4 | Noticed Arachne
 31939 | Spider:4 | Killed Arachne
 31944 | Spider:4 | Got a gossamer rune of Zot
 32219 | Swamp:1  | Entered Level 1 of the Swamp
 32219 | Swamp:1  | Found a frozen archway.
 32602 | Swamp:1  | HP: 27/144 [entropy weaver simulacrum (8)]
 32602 | Swamp:1  | HP: 13/144 [entropy weaver simulacrum (12)]
 33300 | Swamp:1  | Noticed Louise
 33305 | Swamp:1  | Noticed Jorgrun
 33458 | Lair:4   | HP: 27/144 [Jorgrun/iron shot (74)]
 33465 | Lair:4   | Killed Jorgrun
 33466 | Lair:4   | Reached skill level 6 in Evocations
 33713 | Swamp:1  | Cast into level 3 of the Abyss (Louise)
 33747 | Abyss:3  | Noticed an Executioner
 33759 | Abyss:3  | Found a corrupted altar of Lugonu.
 33814 | Abyss:3  | Noticed a tentacled starspawn
 33910 | Abyss:3  | Killed a tentacled starspawn
 34232 | Abyss:3  | Noticed a tentacled starspawn
 34240 | Abyss:3  | HP: 27/144 [tentacled starspawn (9)]
 34256 | Abyss:3  | Found a corrupted altar of Lugonu.
 34546 | Swamp:1  | Escaped the Abyss
 34565 | Swamp:1  | Killed Louise
 34678 | Swamp:1  | Noticed Josephine
 34695 | Swamp:1  | Killed Josephine
 34749 | Swamp:1  | HP: 27/145 [spectral spriggan berserker[a ghost crab] (11)]
 36038 | Swamp:2  | Received a gift from Okawaru
 36052 | Swamp:2  | Reached XP level 18. HP: 65/154 MP: 26/26
 36419 | Swamp:2  | Noticed a tentacled monstrosity
 36435 | Swamp:2  | Killed a tentacled monstrosity
 36602 | Swamp:2  | Reached skill level 12 in Fighting
 37185 | Swamp:2  | Reached skill level 7 in Evocations
 37569 | Swamp:3  | Received a gift from Okawaru
 37909 | Swamp:3  | Received a gift from Okawaru
 38093 | Swamp:4  | Entered Level 4 of the Swamp
 38635 | Swamp:4  | Reached skill level 15 in Armour
 38688 | Swamp:4  | HP: 25/156 [alligator (7)]
 39212 | Swamp:4  | Identified the +0 pair of gloves "Pannaun" {Will+ Str+4
                  | Int-2 Slay+3} (Okawaru gifted it to you on level 4 of the
                  | Swamp)
 39212 | Swamp:4  | Received a gift from Okawaru
 39614 | Swamp:4  | Reached skill level 8 in Evocations
 39652 | Swamp:4  | Reached skill level 13 in Fighting
 39725 | Swamp:4  | Reached skill level 16 in Staves
 40866 | Swamp:4  | Found a blossoming altar of Fedhas.
 40955 | Swamp:4  | Found a basalt altar of Yredelemnul.
 40967 | Swamp:4  | Got a decaying rune of Zot
 41489 | Vaults:1 | Entered Level 1 of the Vaults
 41922 | Vaults:1 | Reached XP level 19. HP: 165/165 MP: 27/27
 42095 | Vaults:1 | Reached skill level 9 in Evocations
 42439 | Vaults:1 | HP: 30/166 [acid (10)]
 42458 | Vaults:1 | HP: 26/166 [brown very ugly thing (10)]
 42854 | Vaults:1 | Reached skill level 14 in Fighting
 42942 | Vaults:1 | Identified the +1 lajatang of the Witching Goat {antimagic,
                  | Fly Stlth+} (Okawaru gifted it to you on level 1 of the
                  | Vaults)
 42942 | Vaults:1 | Received a gift from Okawaru
 43554 | Vaults:1 | Found Cioghar's Magic Scroll Emporium.
 43559 | Vaults:1 | Bought a scroll of teleportation for 42 gold pieces
 43559 | Vaults:1 | Bought 2 scrolls of teleportation for 84 gold pieces
 43559 | Vaults:1 | Bought a scroll of magic mapping for 49 gold pieces
 43559 | Vaults:1 | Bought a scroll of teleportation for 42 gold pieces
 43559 | Vaults:1 | Bought a scroll of fear for 49 gold pieces
 43559 | Vaults:1 | Bought a scroll of fog for 28 gold pieces
 43752 | Arena    | Entered the Arena
 43762 | Arena    | Reached skill level 10 in Evocations
 44115 | Vaults:1 | Reached skill level 17 in Staves
 44158 | Vaults:2 | Received a gift from Okawaru
 44423 | Vaults:2 | Reached skill level 15 in Fighting
 44434 | Vaults:2 | Found Ibibaz's Weapon Boutique.
 44439 | Vaults:2 | HP: 32/170 [vault warden/bolt (14)]
 44446 | Vaults:2 | HP: 28/170 [vault warden/bolt (4)]
 44448 | Vaults:2 | HP: 3/170 [vault warden/bolt (25)]
 44766 | Vaults:2 | Reached skill level 1 in Axes
 45034 | Vaults:2 | Reached skill level 2 in Axes
 45274 | Vaults:2 | Reached skill level 3 in Axes
 45595 | Vaults:2 | Reached XP level 20. HP: 177/178 MP: 28/28
 45702 | Vaults:2 | Received a gift from Okawaru
 45761 | Vaults:2 | Reached skill level 4 in Axes
 46280 | Vaults:3 | Reached skill level 13 in Shields
 46332 | Vaults:2 | Noticed Mara
 46339 | Vaults:2 | Killed Mara
 46340 | Vaults:2 | Reached skill level 5 in Axes
 46340 | Vaults:2 | Reached skill level 7 in Dodging
 46842 | Vaults:3 | Identified the +3 leather armour "Kaqagremm" {*Corrode
                  | rElec SInv}
 46948 | Vaults:3 | Reached skill level 6 in Axes
 47129 | Vaults:3 | HP: 6/178 [ironbound thunderhulk/bolt of lightning (42)]
 47572 | Vaults:2 | Identified the +5 kite shield of Sophism {rElec rCorr
                  | Int+2} (Okawaru gifted it to you on level 2 of the Vaults)
 47572 | Vaults:2 | Received a gift from Okawaru
 48073 | Vaults:3 | Reached skill level 7 in Axes
 48212 | Vaults:3 | Reached skill level 8 in Dodging
 48305 | Vaults:3 | Found Gaeduat's Jewellery Emporium.
 48520 | Vaults:3 | Found a staircase to the Crypt.
 48945 | Vaults:4 | Reached skill level 8 in Axes
 49747 | Vaults:4 | Identified the +0 pair of boots "Huomn" {Int+5 Slay+3}
                  | (Okawaru gifted it to you on level 4 of the Vaults)
 49747 | Vaults:4 | Received a gift from Okawaru
 49963 | Arena    | Entered the Arena
 49995 | Vaults:4 | Reached XP level 21. HP: 162/184 MP: 27/29
 50008 | Vaults:4 | Reached skill level 9 in Axes
 50019 | Vaults:4 | Reached skill level 14 in Shields
 50461 | Vaults:4 | Reached skill level 9 in Dodging
 51022 | Elf:1    | Entered Level 1 of the Elven Halls
 51144 | Elf:1    | Found a radiant altar of Vehumet.
 51282 | Elf:1    | Reached skill level 10 in Axes
 51948 | Elf:1    | Noticed Azrael
 51960 | Elf:1    | Killed Azrael
 52140 | Elf:1    | Found Asiemoeff's Distillery.
 52162 | Elf:1    | Bought a potion of might for 40 gold pieces
 52162 | Elf:1    | Bought a potion of haste for 100 gold pieces
 52162 | Elf:1    | Bought a potion of resistance for 100 gold pieces
 52162 | Elf:1    | Bought a potion of cancellation for 80 gold pieces
 52234 | Elf:1    | Reached skill level 11 in Axes
 52448 | Elf:1    | Reached skill level 10 in Dodging
 52508 | Elf:1    | Identified the -4 cloak "Aloisom" {-Tele rF+++ Dex+5}
                  | (Okawaru gifted it to you on level 1 of the Elven Halls)
 52508 | Elf:1    | Received a gift from Okawaru
 52511 | Elf:1    | Found a portal to a secret trove of treasure.
 52957 | Elf:2    | Noticed Asterion
 52960 | Arena    | Entered the Arena
 52972 | Arena    | Killed Asterion
 53181 | Elf:2    | Paralysed by an air elemental for 1 turns
 53215 | Elf:2    | Cast into level 2 of the Abyss (+3 short sword of
                  | distortion)
 53468 | Abyss:2  | Found a corrupted altar of Lugonu.
 53590 | Abyss:2  | Found a corrupted altar of Lugonu.
 53637 | Abyss:2  | Found a corrupted altar of Lugonu.
 53703 | Abyss:2  | Found a corrupted altar of Lugonu.
 53788 | Abyss:2  | Found a corrupted altar of Lugonu.
 53831 | Abyss:2  | Paralysed by an air elemental for 1 turns
 53864 | Abyss:3  | Found a corrupted altar of Lugonu.
 54280 | Elf:2    | Escaped the Abyss
 54733 | Elf:2    | Found Poefid's Weapon Boutique.
 54946 | Elf:2    | Reached skill level 12 in Axes
 55291 | Elf:2    | Found a runed translucent gate.
 55291 | Elf:2    | Found a runed translucent gate.
 55291 | Elf:2    | Found a runed translucent gate.
 55958 | Depths:1 | Entered Level 1 of the Depths
 55958 | Depths:1 | Found a one-way gateway to a ziggurat.
 56984 | Depths:1 | Found a gateway to Hell.
 57072 | Depths:1 | Found Lyasaegg's Demolitions Depot.
 57085 | Depths:1 | Reached skill level 1 in Polearms
 57384 | Depths:1 | Reached XP level 22. HP: 191/192 MP: 30/30
 57491 | Depths:1 | Reached skill level 11 in Dodging
 57663 | Depths:1 | HP: 28/192 [spriggan air mage/the air (14)]
 58094 | Depths:1 | Found Lancelot's Dragon-Slaying Spoils.
 58101 | Depths:1 | Bought +0 gold dragon scales for 1440 gold pieces
 58272 | Depths:1 | Reached skill level 2 in Polearms
 58421 | Depths:1 | Got Sif Muna's Volume of Beguiling and Clay
 59016 | Depths:2 | Found a one-way gate leading to the halls of Pandemonium.
 59107 | Depths:2 | Identified the +0 scale mail "Veagis" {Will+ Slay+4}
 59241 | Depths:2 | Received a gift from Okawaru
 60223 | Depths:2 | HP: 36/193 [golden dragon zombie (11)]
 61381 | Depths:2 | Found Ivechot's Book Shoppe.
 61382 | Depths:2 | Found Liukhlug's Jewellery Boutique.
 61382 | Depths:2 | Found Olurheuc's Jewellery Boutique.
 61531 | Depths:2 | Noticed a royal mummy
 62090 | Depths:2 | Killed a royal mummy
 62249 | Depths:2 | Found the +0 staff of Battle
 62463 | Depths:3 | Paralysed by an air elemental for 1 turns
 62470 | Depths:3 | Paralysed by an air elemental for 1 turns
 62523 | Depths:3 | Reached skill level 12 in Dodging
 62879 | Depths:2 | Bought the amulet "Quphiuxt" {Reflect Fragile rElec rN+++
                  | Str-3 SH+5} for 955 gold pieces
 63159 | Depths:3 | Identified the ring "Acaygh" {Fly rC+ Str-2 Dex+8}
 63164 | Depths:3 | Got the Grimoire of Earth and Evil Arts
 63217 | Depths:3 | Paralysed by an air elemental for 1 turns
 63367 | Depths:3 | Paralysed by an air elemental for 1 turns
 63372 | Depths:3 | Paralysed by an air elemental for 1 turns
 63934 | Depths:3 | Received a gift from Okawaru
 63950 | Depths:3 | Paralysed by an air elemental for 1 turns
 63953 | Depths:3 | Paralysed by an air elemental for 1 turns
 64023 | Depths:3 | Reached skill level 13 in Axes
 64086 | Depths:3 | Got the Incunabulum of Noxious Air
 64708 | Depths:3 | Paralysed by an air elemental for 1 turns
 64710 | Depths:3 | Paralysed by an air elemental for 1 turns
 64912 | Depths:3 | Found a one-way gate to the infinite horrors of the Abyss.
 64932 | Depths:3 | Identified the amulet "Ysea" {Reflect Harm Will- Int+4
                  | Dex+4 SH+5}
 64967 | Depths:3 | Identified the ring of Xom's Bemusement {rN++ Will+ rCorr
                  | SInv}
 65211 | Depths:3 | Reached skill level 14 in Axes
 65211 | Depths:3 | Reached XP level 23. HP: 171/201 MP: 31/31
 65361 | Depths:4 | Entered Level 4 of the Depths
 65515 | Depths:4 | Noticed a caustic shrike
 65519 | Depths:4 | Noticed a caustic shrike
 65543 | Depths:4 | Killed a caustic shrike
 65543 | Depths:4 | Received a gift from Okawaru
 66074 | Depths:4 | Noticed a caustic shrike
 66092 | Depths:4 | Noticed a caustic shrike
 66099 | Depths:4 | Noticed a caustic shrike
 66109 | Depths:4 | Killed a caustic shrike
 66114 | Depths:4 | Killed a caustic shrike
 66125 | Depths:4 | Killed a caustic shrike
 66139 | Depths:4 | Killed a caustic shrike
 66292 | Depths:4 | Identified the +1 rapier of the Final Chapter {elec, rPois
                  | rCorr Str+2 Int+3}
 66568 | Depths:4 | Reached skill level 15 in Axes
 66949 | Depths:4 | Reached skill level 13 in Dodging
 67235 | Depths:4 | Found a gate to the Realm of Zot.
 67467 | Depths:4 | Noticed a caustic shrike
 67476 | Depths:4 | Identified the +11 trident "Nipekaeh" {vamp, Str+3}
 67480 | Depths:4 | Killed a caustic shrike
 67581 | Depths:4 | Noticed a golden dragon
 67596 | Depths:4 | Killed a golden dragon
 67647 | Depths:4 | Reached skill level 16 in Axes
 67689 | Depths:4 | Identified the +6 long sword of Okawaru's Anger {venom,
                  | rN+}
 67765 | Depths:4 | Received a gift from Okawaru
 68018 | Depths:3 | Voluntarily entered the Abyss.
 68906 | Depths:3 | Escaped the Abyss
 69106 | Depths:3 | Voluntarily entered the Abyss.
 69845 | Abyss:2  | Paralysed by you for 4 turns
 70129 | Abyss:3  | Noticed a dread lich
 70130 | Abyss:3  | Noticed an ancient lich
 70133 | Abyss:3  | Noticed an ancient lich
 70151 | Abyss:3  | Killed a dread lich
 70166 | Abyss:3  | Killed an ancient lich
 70180 | Abyss:3  | Killed an ancient lich
 70194 | Abyss:3  | Reached skill level 16 in Fighting
 70194 | Abyss:3  | Reached XP level 24. HP: 166/210 MP: 31/31
 70194 | Abyss:3  | Reached XP level 25. HP: 171/216 MP: 31/31
 70194 | Abyss:3  | Got an abyssal rune of Zot
 70203 | Depths:3 | Escaped the Abyss
 70296 | Zot:1    | Entered Level 1 of the Realm of Zot
 70689 | Zot:1    | Reached skill level 17 in Axes
 71382 | Zot:1    | HP: 42/216 [shadow dragon (2)]
 72135 | Zot:2    | HP: 39/216 [golden dragon (14)]
 72142 | Zot:1    | HP: 20/216 [death cob (12)]
 72146 | Zot:1    | HP: 6/216 [death cob (14)]
 72149 | Zot:1    | Slain by a death cob

Illustrated notes

Levels and vault maps discovered:
D:1:      dpeg_arrival_castle, layout_rooms, serial_shops, nicolae_shop_stone,
          shapermc_ecumenical_altar_mp_urbaneastern, minmay_heptomino_h4
D:2:      layout_basic
D:3:      layout_basic, mainiacjoe_overflow_alcove_1,
          minmay_fractal_squares_gapless_5, uniq_crazy_yiuf_cottage, uniq_pargi,
          uniq_ijyb
D:4:      minmay_octagon_keep, layout_loops_cross,
          minmay_temple_entry_nine_rooms, uniq_eustachio, uniq_duvessa,
          uniq_blork_the_orc
D:5:      minmay_opposing_rooms, layout_basic, portal_sewer_entry_e
D:6:      layout_loops_ring
D:7:      layout_loops_ring, nicolae_qazlal_eye_of_the_storm,
          nicolae_ru_awakened_eye, nicolae_wooded_promenade, lemuel_old_faithful
D:8:      layout_gridville, jmf_multi_god_temple, enter_bailey_3
D:9:      layout_big_octagon, hiddenorc1_lemuel
D:10:     layout_roguey, nicolae_tso_carved_into_rock, serial_bayou_pond_c,
          uniq_fannar, uniq_maggie
D:11:     layout_gridville, david_lair_shrubbed, minivault_22,
          kennysheep_generic_room_12
D:12:     minmay_ice_pillars, layout_cave_pools, serial_shops, shop
D:13:     layout_loops_ring, erik_vaults_2, kennysheep_windowed_goal
D:14:     layout_gridville, serial_glass, glass_columns_c, glass_columns_b,
          glass_columns_a, glass_columns_a, glass_columns_a, glass_columns_a,
          uniq_snorg
D:15:     hangedman_depths_entry_civil_slaughter, layout_rooms
Temple:   nicolae_temple_elliptical
Lair:1:   layout_misc_corridors, basic_altar, serial_bayou_shore_a
Lair:2:   layout_small_grid, chequers_serial_rivers_room_b, beast_lair_carwin_10
Lair:3:   layout_concentric_octagons, spider_nest_entry_web_field,
          grunt_megastairs_5
Lair:4:   layout_loops_ring, minmay_swamp_entry_swarm
Lair:5:   layout_layer_cave, beast_lair_carwin_5
Lair:6:   grunt_lair_end_beastmaster, layout_concentric_octagons, slime_altar_1,
          gauntlet_entry_generic
Swamp:1:  layout_basic_swamp, portal_ice_cave_entry_ice_simulacra,
          evilmike_swamp_ruin_house_2, swamp_pool1, uniq_josephine,
          uniq_jorgrun, uniq_louise
Swamp:2:  layout_basic_swamp, evilmike_swamp_ruin_house_5, hangedman_swamp_cone,
          nicolae_swamp_soggy_hallways
Swamp:3:  layout_basic_swamp, evilmike_swamp_ruin_rubble_1
Swamp:4:  byrel_swamp_growth_death_and_undeath, layout_basic_swamp
Spider:1: layout_spider_delve
Spider:2: layout_spider_delve, nicolae_spider_not_touching_you
Spider:3: layout_spider_delve, hangedman_spider_tarantella_strand
Spider:4: grunt_spider_rune_circles, nicolae_spider_nook, uniq_arachne
Orc:1:    layout_diamond_mine
Orc:2:    st_orc_ogre_mass, layout_diamond_mine, nicolae_orc_bridge_out,
          mines2_david, uniq_maurice
Elf:1:    eino_elf_arrival_altar, layout_loops_corners,
          nicolae_trove_entry_crossroad, serial_shops,
          nicolae_shop_temple_entry_statues_fountains, hangedman_elf_disciples,
          uniq_azrael
Elf:2:    nicolae_elf_blades_splatter_lattice
          [nicolae_blade_entry_crossed_weapons], layout_onion_city,
          serial_shops, shop, uniq_asterion
Vaults:1: nicolae_vaults_octagons, v_misc_29, v_rooms_6, ontoclasm_vaults_fault,
          vaults_room_door_ring, vaults_mumra_chevron_long,
          ontoclasm_vaults_pinch, v_pattern_4, v_alt_pattern_5,
          ontoclasm_vaults_shuriken, hangedman_vaults_stream,
          ontoclasm_vaults_ring_square, layout_vaults_maze, serial_shops,
          shop_fountains
Vaults:2: nicolae_vaults_what_the_h, nicolae_vaults_little_squares_5,
          nicolae_vaults_border_crossing, vaults_room_fours,
          hangedman_vaults_hat, ontoclasm_vaults_loading_screen,
          vaults_room_fours, v_misc_12, grunt_vaults_hallway_short, v_misc_22,
          layout_vaults_big_room, serial_shops, shop, uniq_mara
Vaults:3: ontoclasm_vaults_shout, hangedman_vaults_stitches,
          blue_anna_dwarven_crypt, v_misc_23, ontoclasm_vaults_gateway,
          v_misc_29, vaults_room_fancy_cross, v_misc_29,
          dpeg_vaults_monster_box, nicolae_vaults_little_squares_1,
          layout_vaults_omnigrid, serial_shops, shop
Vaults:4: hangedman_vaults_stagger, vaults_standard_mumra_enter_the_diamond,
          nicolae_vaults_stairing_the_circle, ontoclasm_vaults_ring_square,
          hangedman_vaults_impose, hangedman_vaults_corner,
          vaults_room_door_hall, v_misc_25,
          vaults_room_grunt_arrival_checkpoint, vaults_dpeg_encased_lava,
          ontoclasm_vaults_misaligned, nicolae_vaults_specimen_jars,
          layout_vaults_ring
Depths:1: layout_honeycomb, enter_ziggurat_d, nrook_mini_backslash,
          grunt_metal_band, nicolae_shop_dragon_depot, nicolae_blasting_shop,
          drop_trap, grunt_ministairs_3, hangedman_decor_diamond_cutter,
          kennysheep_two_boxes
Depths:2: lemuel_minitomb, layout_twisted_cross, pf_vacation_house_of_asmodeus,
          rand_demon_pan_entry_1, minmay_misc_feat_ornament,
          hangedman_cracks_in_the_wall, infiniplex_staircase_river,
          minmay_shop_grove
Depths:3: radiant_caverns_a_rkd, abyss_entry, hell_entry
Depths:4: grunt_zot_entry_gee_three, layout_long_grid, grunt_decor_cap,
          pf_coc_iceberg, minmay_evil_grid
Zot:1:    layout_basic, grunt_megastairs_3
Zot:2:    layout_cathedral_of_symmetry

Skill      XL: |  1  2  3  4  5  6  7  8  9 10 11 12 13 14 15 16 17 18 19 20 21 22 23 24 25 |
---------------+----------------------------------------------------------------------------+-----
Dodging        | 1 2 3 4 5 6 8 10 12 13 | 13.2
Unarmed Combat | 1 2 |  2.7
Fighting       | 3 4 5 6 7 10 11 13 15 16 | 16.0
Staves         | 1 2 3 4 5 7 10 11 12 13 14 15 16 17 | 17.4
Armour         | 1 2 3 4 5 7 8 9 11 12 13 14 15 | 15.7
Shields        | 2 3 6 8 9 10 12 13 14 | 14.8
Invocations    | 1 5 7 10 12 | 12.0
Maces & Flails | 2 4 |  4.3
Evocations     | 3 6 8 10 | 10.0
Axes           | 3 8 12 14 16 17 | 17.6
Polearms       | 1 2 |  2.9
Short Blades   | |  1.7
Throwing       | |  1.7
Stealth        | |  4.3

Action                   |  1- 3 |  4- 6 |  7- 9 | 10-12 | 13-15 | 16-18 | 19-21 | 22-24 | 25-27 || total
-------------------------+-------+-------+-------+-------+-------+-------+-------+-------+-------++-------
Melee: Unarmed           |   148 |     9 |       |       |       |       |       |       |       ||   157
       Punch             |     2 |       |       |       |       |       |       |       |       ||     2
       Quarterstaff      |       |    59 |   303 |   507 |  1523 |  2323 |  2253 |   240 |       ||  7208
       War axe           |       |       |       |       |       |       |       |  1926 |   315 ||  2241
       Broad axe         |       |       |       |       |       |       |       |   289 |       ||   289
Invok: Heroism           |       |       |       |     3 |     3 |     1 |     3 |     1 |       ||    11
       Finesse           |       |       |       |       |     2 |     4 |     5 |    10 |     2 ||    23
       Duel              |       |       |       |       |     1 |     1 |     3 |       |       ||     5
Evoke: Wand              |       |       |       |    34 |    17 |    29 |    14 |    10 |       ||   104
       Condenser vane    |       |       |       |     1 |       |       |     2 |       |       ||     3
  Use: Potion            |       |     4 |     2 |     3 |     4 |    11 |    14 |     3 |     2 ||    43
       Scroll            |       |       |     7 |    10 |    14 |    14 |     8 |    12 |     6 ||    71
 Stab: Sleeping          |     5 |       |       |       |       |       |       |       |       ||     5
       Paralysed         |       |       |       |       |       |     5 |     3 |       |       ||     8
       Invisible         |       |       |       |       |       |     5 |       |    11 |       ||    16
       Distracted        |       |       |       |       |       |       |     1 |     6 |       ||     7
Armor: Robe              |    41 |       |       |       |       |       |       |       |       ||    41
       Scale mail        |    25 |    29 |     1 |       |       |       |       |       |       ||    55
       Chain mail        |       |       |   173 |     6 |       |       |       |       |       ||   179
       Plate armour      |       |       |       |   283 |   617 |  1704 |   824 |    23 |       ||  3451
       Gold dragon scale |       |       |       |       |       |       |       |   807 |   147 ||   954
Dodge: Dodged            |    81 |    37 |   134 |   173 |   617 |  1609 |  1022 |   600 |    66 ||  4339
Block: Kite shield       |       |       |       |       |       |       |       |  1833 |   343 ||  2176
       Reflection        |       |       |       |       |       |       |       |    22 |     4 ||    26

Table legend: (Time is in decaauts)
 A = Elapsed time spent in this place.
 B = Non-inter-level travel time spent in this place.
 C = Inter-level travel time spent in this place.
 D = Time resting spent in this place.
 E = Time spent auto-exploring this place.
 F = Levels seen in this place.
 G = Mean time per level.
                   A        B        C        D        E       F      G
               +--------+--------+--------+--------+--------+-----+--------+
         Total |  69156 |  65208 |   3948 |  11419 |  38383 |  60 | 1152.6 |
       Dungeon |  16107 |  14522 |   1585 |   1252 |  10484 |  15 | 1073.8 |
        Temple |     76 |     56 |     20 |      0 |     40 |   1 |   76.0 |
          Lair |   8529 |   7980 |    549 |   1868 |   4696 |   6 | 1421.5 |
         Swamp |   6624 |   6398 |    226 |   1840 |   3438 |   4 | 1656.0 |
   Spider Nest |   5592 |   5456 |    136 |    474 |   3792 |   4 | 1398.0 |
  Orcish Mines |   2044 |   1856 |    188 |    398 |    724 |   2 | 1022.0 |
   Elven Halls |   3500 |   3336 |    164 |    338 |   2454 |   2 | 1750.0 |
        Vaults |   8580 |   8136 |    444 |   1495 |   4802 |   4 | 2145.0 |
        Depths |  11326 |  10708 |    618 |   2877 |   4783 |   4 | 2831.5 |
           Zot |   1788 |   1774 |     14 |      0 |   1442 |   2 |  894.0 |
         Abyss |   3455 |   3455 |      0 |    396 |   1528 |   8 |  431.9 |
         Sewer |     85 |     85 |      0 |      0 |     31 |   1 |   85.0 |
        Bailey |    959 |    959 |      0 |    395 |     25 |   1 |  959.0 |
      Gauntlet |    377 |    377 |      0 |     45 |    122 |   1 |  377.0 |
         Arena |    107 |    107 |      0 |     39 |     20 |   5 |   21.4 |
               +--------+--------+--------+--------+--------+-----+--------+

Top non-repeatable levels by time:
Depths:3: 3361 daAuts
Depths:2: 3104 daAuts
Vaults:2: 2640 daAuts
  Lair:4: 2465 daAuts
Depths:4: 2436 daAuts
Depths:1: 2424 daAuts
Vaults:1: 2406 daAuts
 Swamp:3: 2121 daAuts
    D:12: 1953 daAuts
   Elf:1: 1917 daAuts
     D:7: 1914 daAuts
Vaults:4: 1826 daAuts
Spider:1: 1717 daAuts
Vaults:3: 1707 daAuts
Spider:3: 1680 daAuts

Table legend:
 A = Kills in this place as a percentage of kills in entire the game.
 B = Kills by you in this place as a percentage of kills by you in the entire game.
 C = Kills by friends in this place as a percentage of kills by friends in the entire game.
 D = Other kills in this place as a percentage of other kills in the entire game.
 E = Experience gained in this place as a percentage of experience gained in the entire game.
 F = Experience gained in this place divided by the number of levels of this place that you have seen.
                   A       B       C       D       E      F
               +-------+-------+-------+-------+-------+----------------------
         Total | 100.0 | 100.0 |   N/A | 100.0 | 100.0 | 13619.2
       Dungeon |  18.3 |  18.3 |   N/A |  16.7 |   7.5 | 4067.2
          Lair |   9.0 |   9.0 |   N/A |   0.0 |   6.9 | 9353.5
         Swamp |   7.7 |   7.6 |   N/A |  16.7 |  10.1 | 20542.8
   Spider Nest |   8.7 |   8.7 |   N/A |   0.0 |   8.8 | 17958.8
  Orcish Mines |   5.3 |   5.3 |   N/A |   0.0 |   3.0 | 12272.0
   Elven Halls |   5.1 |   5.0 |   N/A |  33.3 |   7.7 | 31401.0
        Vaults |  13.9 |  14.0 |   N/A |   0.0 |  24.1 | 49200.0
        Depths |  12.7 |  12.7 |   N/A |  16.7 |  25.9 | 52954.0
           Zot |   1.7 |   1.7 |   N/A |   0.0 |   4.5 | 18519.0
         Abyss |  14.2 |  14.2 |   N/A |  16.7 |   0.0 |   0.0
         Sewer |   0.3 |   0.3 |   N/A |   0.0 |   0.0 | 153.0
        Bailey |   1.9 |   1.9 |   N/A |   0.0 |   0.3 | 2764.0
      Gauntlet |   0.8 |   0.8 |   N/A |   0.0 |   0.6 | 5170.0
         Arena |   0.2 |   0.2 |   N/A |   0.0 |   0.6 | 985.6
               +-------+-------+-------+-------+-------+----------------------
